[Event "*** Titled Tuesday Blitz"]
[Site "Chess.com"]
[Date "2020.04.14"]
[Round "6"]
[White "VALPARAISO37"]
[Black "garfield_pg"]
[Result "1-0"]
[WhiteElo "2367"]
[BlackElo "2197"]
[TimeControl "180+1"]
[EndTime "11:03:42 PDT"]
[Termination "VALPARAISO37 won on time"]

1. d4 c5 2. d5 e6 3. c4 Bd6 4.
g3 Bc7 5. d6 Ba5+ 6. Nc3 f5 7.
Bg2 Nf6 8. Nh3 Bxc3+ 9. bxc3 O-O 10. O-O Nc6 11. Rb1 Na5 12. Rb5 b6 13. Bxa8 Nxc4 14.
Bg2 Ba6 15. a4 Bxb5 16. axb5 Qb8 17. Bg5 h6 18. Bf4 g5 19. Bc1 Qxd6 20. Qa4 Ne5 21. Rd1 Qc7 22. c4 Neg4 23. Bb2 Ne4 24. Qc2 Ngf6 25.
f3 g4 26. Nf4 Ng5 27. Qd2 gxf3 28. exf3 a5 29. Bxf6 Rxf6 30. Qxd7 Qxd7 31. Rxd7 Rf7 32. Rxf7 Kxf7 33. Nd3 Kf6 34. f4 Nf7 35. Nb2 Nd6 36. Bf1 e5 37. Na4 Nc8 38. Kf2 e4 39.
Ke3 Ke6 40. g4 fxg4 41. Kxe4 h5 42. h3 Kf6 43. hxg4 hxg4 44. Be2 g3 45. Bf3 Nd6+ 46. Kd5 Nf5 47. Nxb6 Ne3+ 48. Kxc5 Kf5 49. Nd5 1-0

[Event "*** Titled Tuesday Blitz"]
[Site "Chess.com"]
[Date "2020.04.14"]
[Round "6"]
[White "HarutyunianTigranK"]
[Black "GigaQuparadze"]
[Result "0-1"]
[WhiteElo "2711"]
[BlackElo "2917"]
[TimeControl "180+1"]
[EndTime "11:03:43 PDT"]
[Termination "GigaQuparadze won by resignation"]

1. c4 c5 2. Nf3 Nc6 3. Nc3 Nf6 4. e3 e5 5. Be2 d5 6. d4 exd4 7. exd4 Be7 8. O-O O-O 9. dxc5 d4 10.
Nb5 Bxc5 11. Bf4 a6 12. b4 Bxb4 13. Nbxd4 Nxd4 14. Qxd4 Qxd4 15. Nxd4 Re8 16. Bf3 Bc3 17. Rad1 Bg4 18. Bxb7 Ra7 19. Bf3 Bxd4 20. Rxd4 Bxf3 21. gxf3 Raa8 22. c5 Rac8 23. Rc1 Rc6 24. Rd6 Rec8 25.
Rxc6 Rxc6 26. Bd6 h6 27. Rb1 Nd7 28. Rc1 f6 29. f4 Kf7 30. f5 Ne5 31. f4 Nf3+ 32.
Kf2 Nd4 33. Bb8 Nxf5 34. Ba7 Ke6 35. Re1+ Kd5 36. Rd1+ Nd4 37. Ke3 Re6+ 38. Kd3 Nb5 39. Bb6 Kc6 40. a4 Nc7 41. f5 Re5 42. Rg1 Nd5 43.
Rxg7 Rxf5 44. Rh7 Rh5 45. a5 Rxh2 46. Ke4 Rh4+ 47. Kf5 Rh5+ 48. Ke6 Re5+ 49. Kf7 Re7+ 50.
Kg6 Rxh7 51. Kxh7 h5 52. Kg6 h4 53. Kf5 h3 0-1

[Event "*** Titled Tuesday Blitz"]
[Site "Chess.com"]
[Date "2020.04.14"]
[Round "6"]
[White "Incognito_Knight"]
[Black "biesiadnik"]
[Result "1-0"]
[WhiteElo "2758"]
[BlackElo "2595"]
[TimeControl "180+1"]
[EndTime "11:03:43 PDT"]
[Termination "Incognito_Knight won by resignation"]

1. e4 e6 2. d4 d5 3. Nd2 Nc6 4. Ngf3 Nf6 5. e5 Nd7 6. c4 dxc4 7. Nxc4 Nb6 8. Be2 Be7 9. O-O O-O 10. Be3 Nxc4 11.
Bxc4 b6 12. Rc1 Bb7 13. a3 Rc8 14. Qc2 g6 15. Rfd1 Na5 16. Ba2 Bd5 17. b4 Bxa2 18.
Qxa2 Nb7 19. d5 Qd7 20. dxe6 Qxe6 21. Qxe6 fxe6 22. Rd7 Bd8 23. Rc6 a5 24. Rxe6 axb4 25. axb4 Ra8 26. h4 Ra4 27. h5 Rf7 28. Re8+ Rf8 29. Rxf8+ Kxf8 30. h6 Be7 31. Rxc7 Nd8 32. Bg5 Bxg5 33. Nxg5 Rxb4 34. Nxh7+ Ke8 35. Nf6+ Kf8 36.
h7 Rh4 37. g3 Rh6 38. Rc8 Ke7 39. Ng8+ Kd7 40. Nxh6 1-0

[Event "*** Titled Tuesday Blitz"]
[Site "Chess.com"]
[Date "2020.04.14"]
[Round "6"]
[White "dmosesov"]
[Black "Nikolakis2014"]
[Result "1/2-1/2"]
[WhiteElo "2527"]
[BlackElo "2691"]
[TimeControl "180+1"]
[EndTime "11:03:43 PDT"]
[Termination "Game drawn by agreement"]

1. d4 Nf6 2. c4 e6 3. Nf3 c5 4. d5 d6 5. Nc3 exd5 6. cxd5 g6 7. Bf4 Bg7 8. h3 O-O 9. e3 Na6 10. Be2 Nc7 11. O-O Rb8 12. a4 a6 13. a5 b5 14. axb6 Rxb6 15. Ra2 Ncxd5 16. Nxd5 Nxd5 17. Bg5 Nf6 18. Nd2 d5 19. Qc2 c4 20. e4 Re8 21. Bf3 dxe4 22. Nxe4 Be6 23. Rd1 Qe7 24.
Be3 Rbb8 25. Bc5 Qc7 26. Bd6 Qb6 27. Bxb8 Rxb8 28. Rd6 Qb4 29. Nxf6+ Bxf6 30. Rdxa6 Bxb2 31. Qe4 Bf5 32. Qe3 c3 33. R2a4 Qf8 34. Rc6 c2 35. Rac4 c1=Q+ 36. Rxc1 Bxc1 37. Rxc1 Qd8 38. Rd1 Qf6 39.
g4 Be6 40. Bg2 Re8 41. Qd4 Qe7 1/2-1/2

[Event "*** Titled Tuesday Blitz"]
[Site "Chess.com"]
[Date "2020.04.14"]
[Round "6"]
[White "MathiasWomacka"]
[Black "vovachesss"]
[Result "1-0"]
[WhiteElo "2451"]
[BlackElo "2592"]
[TimeControl "180+1"]
[EndTime "11:03:43 PDT"]
[Termination "MathiasWomacka won on time"]

1. e4 e5 2. Nf3 d5 3. exd5 e4 4. Qe2 Nf6 5. d3 Qxd5 6. Nfd2 Nc6 7. Nxe4 Be6 8. Nbc3 Bb4 9. Bd2 Qa5 10. Nxf6+ gxf6 11. a3 O-O-O 12. Qd1 Qe5+ 13. Be2 Bd6 14. Ne4 Rhg8 15.
Bc3 Nd4 16. Bxd4 Qxd4 17. c3 Qe5 18. Bf3 f5 19. d4 Qf4 20. Ng3 Bc4 21. Qa4 Rde8+ 22.
Kd1 Ba6 23. b4 Be5 24. b5 Bxd4 25. cxd4 Rd8 26. Ne2 Qd6 27. bxa6 c5 28. axb7+ Kb8 29. Rc1 cxd4 30. Rc8+ Rxc8 31. bxc8=Q+ Rxc8 32. Qb5+ Kc7 33. Qc4+ 1-0

[Event "*** Titled Tuesday Blitz"]
[Site "Chess.com"]
[Date "2020.04.14"]
[Round "6"]
[White "Micki-taryan"]
[Black "BogdanDeac"]
[Result "0-1"]
[WhiteElo "3090"]
[BlackElo "2748"]
[TimeControl "180+1"]
[EndTime "11:03:44 PDT"]
[Termination "BogdanDeac won by checkmate"]

1. d4 Nf6 2. Nf3 d5 3. c4 e6 4.
Nc3 c6 5. Bg5 h6 6. Bxf6 Qxf6 7.
e3 Nd7 8. Bd3 dxc4 9. Bxc4 g6 10. O-O Bg7 11. Re1 O-O 12. e4 e5 13. d5 Rd8 14. Re3 b5 15. Bb3 Nb6 16. Rd3 c5 17. Re3 c4 18. Bc2 Bd7 19. h3 Bf8 20. Nh2 Bc5 21.
Rf3 Qg5 22. Nf1 Nc8 23. a3 Nd6 24. Qe2 a5 25. Rg3 Qh4 26. Re1 b4 27. Nd1 Rab8 28. Kh2 Rdc8 29. Nd2 Bb5 30. a4 Bd7 31. Nf3 Qf4 32.
Kh1 b3 33. Bb1 Bxa4 34. Nh2 Bd7 35. Rf3 Qh4 36. Ne3 Bxe3 37. Rxe3 a4 38. g3 Qxh3 39. f4 a3 40. bxa3 c3 41. fxe5 c2 42.
exd6 c1=Q 43. e5 b2 44. e6 fxe6 45. dxe6 Bc6+ 46. Kg1 Qxe1+ 47. Qxe1 Qg2# 0-1

[Event "*** Titled Tuesday Blitz"]
[Site "Chess.com"]
[Date "2020.04.14"]
[Round "6"]
[White "Angry_Twin"]
[Black "AlexOstrovskiy"]
[Result "1/2-1/2"]
[WhiteElo "2830"]
[BlackElo "2660"]
[TimeControl "180+1"]
[EndTime "11:03:44 PDT"]
[Termination "Game drawn by repetition"]

1. e4 c6 2. d4 d5 3. e5 c5 4. dxc5 e6 5. a3 Nc6 6. Nf3 Bxc5 7. b4 Bb6 8. Bd3 Nge7 9. O-O Ng6 10. Bb2 O-O 11. Re1 Nf4 12. c4 Nxd3 13. Qxd3 dxc4 14. Qxc4 Qd5 15. Qg4 Qb3 16. Bc1 Qd3 17. Be3 Bxe3 18. Rxe3 Qd1+ 19. Re1 Nxe5 20. Rxd1 Nxg4 21. Nc3 b6 22. h3 Nf6 23. Ne5 Bb7 24. Nd7 Rfd8 25. Nxf6+ gxf6 26. Nb5 a6 27. Nc3 Bc6 28. Rac1 Kf8 29.
f3 Ke7 30. Kf2 Rxd1 31. Nxd1 Rc8 32. Ne3 Bb7 33. Rd1 Rc3 34. a4 Rb3 35. Rd4 b5 36.
axb5 axb5 37. Rh4 Rb2+ 38. Kg1 Rb3 39. Kf2 Rb2+ 40. Kg1 Rb3 41. Kf2 1/2-1/2

[Event "*** Titled Tuesday Blitz"]
[Site "Chess.com"]
[Date "2020.04.14"]
[Round "6"]
[White "Mourinho_Jose"]
[Black "Angel_Hranitel_37"]
[Result "1-0"]
[WhiteElo "2615"]
[BlackElo "2363"]
[TimeControl "180+1"]
[EndTime "11:03:44 PDT"]
[Termination "Mourinho_Jose won by resignation"]

1. Nf3 Nf6 2. c4 g6 3. g3 Bg7 4. Bg2 d6 5. d4 O-O 6. Nc3 Nc6 7. O-O Bf5 8. Bg5 Ne4 9. Nxe4 Bxe4 10. d5 Na5 11. b3 Bxa1 12. Qxa1 f6 13. Bh6 Rf7 14. Bh3 Bxf3 15. exf3 f5 16. g4 b5 17. Qc3 c5 18.
gxf5 Rf6 19. Bg5 Rf7 20. fxg6 Rg7 21. Be6+ Kh8 22. Bh6 Qf8 23. Bxg7+ Qxg7 24. Qxa5 Qxg6+ 25. Kh1 Rg8 26. Bh3 Qd3 27. Bg2 h5 28. Qe1 h4 29.
Qe4 Qxe4 30. fxe4 bxc4 31. bxc4 Rb8 32. e5 Rb4 33. exd6 exd6 34. Re1 Rxc4 35. h3 Rc2 36. Re6 Rxa2 37. Rxd6 Rxf2 38. Rd8+ Kg7 39. d6 Rd2 40. Bc6 c4 41. d7 c3 42. Rc8 c2 43. Ba4 Kf6 44.
Rxc2 Rd3 45. Rc8 Rxh3+ 46. Kg2 Rg3+ 47. Kf2 Rd3 48. d8=Q+ Rxd8 49. Rxd8 1-0

[Event "*** Titled Tuesday Blitz"]
[Site "Chess.com"]
[Date "2020.04.14"]
[Round "6"]
[White "quesfr"]
[Black "Yeytruyol"]
[Result "0-1"]
[WhiteElo "2203"]
[BlackElo "2400"]
[TimeControl "180+1"]
[EndTime "11:03:44 PDT"]
[Termination "Yeytruyol won on time"]

1. e4 d6 2. d4 g6 3. Nc3 Bg7 4. f4 c5 5. dxc5 Qa5 6. cxd6 Bxc3+ 7. bxc3 Nf6 8. Bd3 Bg4 9. Nf3 Bxf3 10. gxf3 exd6 11.
Bd2 Qc5 12. Qe2 Nbd7 13. Qe3 Qh5 14. O-O O-O 15. Qd4 Rac8 16. Qxd6 Rfd8 17. Rab1 Kg7 18. Qa3 Nc5 19. e5 Nd5 20. Qc1 Nb6 21. Be2 Ne4 22.
Be1 Nxc3 23. Bxc3 Rxc3 24. Rb3 Rdc8 25. Rxc3 Rxc3 26. Qb2 Nd5 27. Qxb7 Nxf4 28. Rf2 Qg5+ 29. Kf1 Rxc2 30. Qb1 Rd2 31. Qc1 Nh3 32. Rg2 Qe3 33. e6 Rxe2 34. Qxe3 Rxe3 35. exf7 Kxf7 36. Rg3 Nf4 37.
Kf2 g5 38. h4 Kf6 39. hxg5+ Kf5 40. Rg4 Nd5 0-1

[Event "*** Titled Tuesday Blitz"]
[Site "Chess.com"]
[Date "2020.04.14"]
[Round "6"]
[White "LastHeroJr"]
[Black "Rozum_Ivan"]
[Result "1-0"]
[WhiteElo "2552"]
[BlackElo "2725"]
[TimeControl "180+1"]
[EndTime "11:03:45 PDT"]
[Termination "LastHeroJr won by resignation"]

1. e4 c6 2. d4 d5 3. e5 Bf5 4.
Nf3 e6 5. Be2 c5 6. O-O Nc6 7.
c3 cxd4 8. cxd4 Nge7 9. h3 Nc8 10. Nc3 Be7 11. Ne1 O-O 12. Be3 Nb6 13. g4 Bg6 14. f4 f5 15. exf6 Bxf6 16. Nf3 Nc4 17. Bxc4 dxc4 18. Ne5 Bxe5 19. dxe5 Bd3 20. Rf2 Qh4 21. Kg2 Rad8 22. Qe1 g5 23. fxg5 Rxf2+ 24. Qxf2 Qxf2+ 25. Bxf2 Nxe5 26. Re1 Ng6 27. Bxa7 e5 28. Bf2 Kf7 29. Kg3 Ke6 30. Bb6 Rf8 31. Be3 e4 32. Bd4 Rf3+ 33.
Kg2 Nf4+ 34. Kg1 Nxh3+ 35. Kg2 Nf4+ 36. Kg1 Rg3+ 37. Kf2 Rg2+ 38. Ke3 Nd5+ 39. Nxd5 Kxd5 40. Bc3 Rxg4 41. Rh1 Rg3+ 42. Kf2 Rf3+ 43. Kg2 Rf7 44. Rh5 Ke6 45. Rh6+ Kd7 46. g6 hxg6 47. Rxg6 e3 48. Rg4 e2 49. Rd4+ Kc6 50. Rd8 Be4+ 51. Kg3 Rf2 52. Kxf2 1-0

[Event "*** Titled Tuesday Blitz"]
[Site "Chess.com"]
[Date "2020.04.14"]
[Round "6"]
[White "Vuk2000"]
[Black "michaelk123"]
[Result "1-0"]
[WhiteElo "2625"]
[BlackElo "2465"]
[TimeControl "180+1"]
[EndTime "11:03:45 PDT"]
[Termination "Vuk2000 won by resignation"]

1. e4 c6 2. d4 d5 3. Nd2 dxe4 4. Nxe4 Bf5 5. Ng3 Bg6 6. h4 h6 7. h5 Bh7 8. Nf3 e6 9. Bd3 Bxd3 10. Qxd3 Nf6 11.
Bd2 Be7 12. O-O-O c5 13. Bc3 Nc6 14. Ne4 O-O 15. Nxf6+ Bxf6 16. dxc5 Qe7 17. Bxf6 Qxf6 18. Qe3 Rac8 19. Rh4 Rfd8 20. Rxd8+ Rxd8 21. Rf4 Qe7 22.
a3 Rd5 23. b4 Qd8 24. g4 a5 25. b5 Ne7 26. Rd4 Qc7 27. Rxd5 Nxd5 28. Qd4 Nf4 29. Kb2 Nd5 30. c4 Nf6 31. Ne5 Kf8 32. f4 Ke7 33. c6 b6 34. c5 Nd5 35. cxb6 Qxb6 36. Qxb6 Nxb6 37. Kb3 f6 38. Nc4 Nxc4 39. Kxc4 Kd6 40. Kd4 a4 41. Kc4 e5 42. fxe5+ fxe5 43. Kd3 Kc7 44. Ke3 Kb6 45. Ke4 Kxb5 46. c7 1-0

[Event "*** Titled Tuesday Blitz"]
[Site "Chess.com"]
[Date "2020.04.14"]
[Round "6"]
[White "Luibov_AN"]
[Black "przemekpiotrowski"]
[Result "0-1"]
[WhiteElo "2182"]
[BlackElo "2399"]
[TimeControl "180+1"]
[EndTime "11:03:45 PDT"]
[Termination "przemekpiotrowski won by resignation"]

1. d4 c5 2. dxc5 e6 3. Nf3 Bxc5 4. c3 d5 5. Qc2 Nf6 6. e3 Nc6 7. Nbd2 O-O 8. Bd3 Bd7 9. O-O Rc8 10. a3 e5 11. e4 d4 12. Nb3 b6 13. cxd4 Nxd4 14.
Nfxd4 Bxd4 15. Qd2 Ba4 16. Nxd4 Qxd4 17. Ba6 Qxd2 18.
Bxd2 Nxe4 19. Bb4 Rcd8 20. Bxf8 Kxf8 21. Rfe1 Nc5 22. Bc4 f6 23. b4 Nb7 24. Rac1 Nd6 25. Bf1 Rd7 26. f3 Ke7 27. f4 e4 28. g4 h5 29. h3 g6 30. f5 gxf5 31. gxf5 Kf7 32.
Bg2 Re7 33. Re3 Bb5 34. Kf2 Bd3 35. Rc6 Nxf5 36. Re1 Bb5 37. Rc3 e3+ 38. Kg1 e2 39. Bd5+ Kg7 40. Bc4 Rc7 41. Bxb5 Rxc3 42. Rxe2 Rxh3 43.
Kf2 Rxa3 44. Re3 Rxe3 0-1

[Event "*** Titled Tuesday Blitz"]
[Site "Chess.com"]
[Date "2020.04.14"]
[Round "6"]
[White "MergenKakabaev"]
[Black "abubakrtagelsir"]
[Result "1-0"]
[WhiteElo "2453"]
[BlackElo "2279"]
[TimeControl "180+1"]
[EndTime "11:03:46 PDT"]
[Termination "MergenKakabaev won by resignation"]

1. e4 d6 2. d4 Nf6 3. Nc3 g6 4. Bc4 Bg7 5. Bb3 O-O 6. h4 h5 7. Nh3 Nc6 8. Ng5 Na5 9. f3 Nxb3 10. axb3 e5 11. dxe5 dxe5 12. Qxd8 Rxd8 13. Nb5 c6 14. Rxa7 Rxa7 15. Nxa7 Bd7 16. Be3 Be8 17. Ke2 Bf8 18. Rd1 Ra8 19. c3 Nd7 20. b4 Be7 21. Kd2 Nf8 22.
Kc2 f6 23. Nh3 Ne6 24. Nf2 c5 25. bxc5 Nxc5 26. b4 Ba4+ 27. Kc1 Bxd1 28. Kxd1 Rxa7 29. bxc5 Ra2 30. g3 Kf7 31. Nd3 Rg2 32. Bf2 Rh2 33.
Ke2 Rh1 34. Be1 Ke6 35. c4 Kd7 36. Nf2 Rg1 37. Nh3 Rg2+ 38. Bf2 Bxc5 39. Kf1 Rh2 40. Bxc5 Rc2 41. Nf2 Rxc4 42. Be3 b5 43. Ke2 b4 44.
Kd3 Rc3+ 45. Kd2 Ra3 46. Nd3 Ra2+ 47. Ke1 Ra4 48. Nc5+ Kc6 49. Nxa4 Kb5 50. Nb2 b3 51. Bd2 1-0

[Event "*** Titled Tuesday Blitz"]
[Site "Chess.com"]
[Date "2020.04.14"]
[Round "6"]
[White "FCChelsea14"]
[Black "ElHelvetico"]
[Result "1/2-1/2"]
[WhiteElo "2810"]
[BlackElo "2624"]
[TimeControl "180+1"]
[EndTime "11:03:47 PDT"]
[Termination "Game drawn by repetition"]

1. d4 f5 2. Nf3 Nf6 3. g3 g6 4.
Bg2 Bg7 5. O-O O-O 6. b3 d6 7.
Bb2 Qe8 8. Nbd2 c6 9. Re1 Na6 10. c4 Rb8 11. e4 fxe4 12. Nxe4 Nxe4 13. Rxe4 Bf5 14. Re3 Qd7 15. a3 b5 16. Qe2 Bf6 17. cxb5 Rxb5 18. b4 Nc7 19. Nd2 Nd5 20.
Bxd5+ Rxd5 21. Ne4 Bxd4 22. Bxd4 Rxd4 23. Rd1 Rxd1+ 24.
Qxd1 Bxe4 25. Rxe4 Qf5 26. Rf4 Qd5 27. Rxf8+ Kxf8 28.
Qa4 c5 29. Qxa7 c4 30. Qe3 Qf5 31. Kf1 d5 32. Qf4 Ke8 33. Qxf5 gxf5 34. Ke2 e5 35. b5 Kd7 36. a4 Kc7 37. a5 d4 38. Kd2 e4 39. h3 h5 40. Kc2 c3 41. h4 Kb7 42. Kb3 Ka7 43. Kc2 Kb7 44. Kb3 Kc7 45. Kc2 Kb7 1/2-1/2

[Event "*** Titled Tuesday Blitz"]
[Site "Chess.com"]
[Date "2020.04.14"]
[Round "6"]
[White "awesomevishesh"]
[Black "SahajGrover"]
[Result "1-0"]
[WhiteElo "2551"]
[BlackElo "2692"]
[TimeControl "180+1"]
[EndTime "11:03:47 PDT"]
[Termination "awesomevishesh won by resignation"]

1. d4 d5 2. c4 e6 3. Nf3 Nf6 4. g3 dxc4 5. Bg2 Bb4+ 6. Nbd2 O-O 7. Qc2 c5 8. dxc5 c3 9. bxc3 Bxc5 10. O-O Nc6 11. Nb3 Be7 12. Rd1 Qc7 13. Nfd4 e5 14. Nxc6 bxc6 15. c4 a5 16. Bb2 Be6 17. Nd2 h5 18.
Nf3 Nd7 19. Bc3 g6 20. Rab1 Bf6 21. Nd2 Bg7 22. Qa4 Rfc8 23. Ne4 Nb6 24. Qc2 Nxc4 25. Qc1 Bd5 26. Ba1 Rab8 27. Rxb8 Rxb8 28. Nc5 Bxg2 29.
Kxg2 Nb6 30. Na6 Qb7 31. Nxb8 Qxb8 32. Qxc6 Qa7 33. Rb1 Nd7 34. Rb7 1-0

[Event "*** Titled Tuesday Blitz"]
[Site "Chess.com"]
[Date "2020.04.14"]
[Round "6"]
[White "Andrii_Prydun"]
[Black "Semetey"]
[Result "0-1"]
[WhiteElo "2343"]
[BlackElo "2548"]
[TimeControl "180+1"]
[EndTime "11:03:47 PDT"]
[Termination "Semetey won by resignation"]

1. d4 d6 2. Nf3 g6 3. e4 Bg7 4.
Nc3 Nf6 5. Bd3 O-O 6. O-O Nc6 7.
Re1 e5 8. dxe5 Nxe5 9. Nxe5 dxe5 10. Bg5 h6 11. Bxf6 Qxf6 12. Nd5 Qd6 13. Ne3 c6 14. Bc4 Qe7 15. Qf3 Kh7 16. Rad1 f5 17. exf5 gxf5 18. Qh5 Kh8 19. f3 f4 20. Ng4 Bxg4 21. Qxg4 Qc5+ 22. Kh1 Qxc4 23. Rd7 Rf7 24. Red1 Raf8 25. h4 Qxc2 26. R1d6 Qf5 27. Qxf5 Rxf5 28. Rxb7 R5f7 29. Rb4 Rc8 30. Rc4 Rfc7 31. b4 Kg8 32. a4 Kf7 33. h5 Bf6 34. Kh2 Ke7 35. Rd3 a6 36. Rdc3 Kd6 37.
Rd3+ Ke6 38. Rdc3 Be7 39. b5 axb5 40. axb5 c5 41. Ra3 Rb7 42. Ra6+ Bd6 43. g3 fxg3+ 44.
Kxg3 Rxb5 45. Rg4 Kd5 46. Rg6 Bf8 47. Rg8 Rbb8 48. Rf6 c4 0-1

[Event "*** Titled Tuesday Blitz"]
[Site "Chess.com"]
[Date "2020.04.14"]
[Round "6"]
[White "peixe64"]
[Black "Olga_Girya"]
[Result "0-1"]
[WhiteElo "2304"]
[BlackElo "2477"]
[TimeControl "180+1"]
[EndTime "11:03:47 PDT"]
[Termination "Olga_Girya won on time"]

1. d4 d5 2. c4 c6 3. Nc3 Nf6 4. Bf4 Bf5 5. e3 e6 6. Bd3 Bxd3 7. Qxd3 Nbd7 8. Nf3 Be7 9. O-O O-O 10. h3 Re8 11. Rad1 dxc4 12. Qxc4 Nb6 13. Qb3 Nfd5 14. Be5 a5 15. e4 a4 16. Qc2 Nxc3 17. Qxc3 Nd7 18. Bg3 Qa5 19. Qxa5 Rxa5 20. Rfe1 Rb5 21. Re2 Nb6 22.
Rc1 h6 23. Nd2 Rd8 24. Nf3 Bd6 25. Bxd6 Rxd6 26. Kh2 Rd8 27. Rc3 Rb4 28. Rec2 g5 29.
Kg3 Kg7 30. h4 f6 31. hxg5 hxg5 32. Rc5 Kg6 33. Kh2 g4 34. Nh4+ Kg7 35. d5 exd5 36. Nf5+ Kg6 37. Ne3 Rxe4 38. Kg3 f5 39. Kh2 Rh8+ 40.
Kg1 f4 41. Nf1 Re1 42. Rxc6+ bxc6 43. Rxc6+ Kf5 44. Rxb6 g3 45. fxg3 fxg3 0-1

[Event "*** Titled Tuesday Blitz"]
[Site "Chess.com"]
[Date "2020.04.14"]
[Round "6"]
[White "jacky72"]
[Black "SARGISMV"]
[Result "1-0"]
[WhiteElo "2697"]
[BlackElo "2483"]
[TimeControl "180+1"]
[EndTime "11:03:48 PDT"]
[Termination "jacky72 won by resignation"]

1. d4 c5 2. d5 e6 3. c4 exd5 4. cxd5 d6 5. Nc3 a6 6. a4 Ne7 7. h4 Nd7 8. Nf3 Ng6 9. h5 Nge5 10. Nxe5 Nxe5 11. h6 g6 12. Bf4 Be7 13. e3 f5 14. Be2 Bf6 15. Qc2 O-O 16. a5 Rb8 17. O-O Qe7 18. Na4 Bd7 19. Nb6 Bb5 20. Rfe1 Rf7 21. Bg3 Re8 22. e4 Bh4 23. Bxb5 axb5 24. a6 bxa6 25. Rxa6 Bxg3 26. fxg3 Qg5 27. Ra3 Qxh6 28.
exf5 Rxf5 29. g4 Nf3+ 30. Rxf3 Rxe1+ 31. Kf2 Qh4+ 32. g3 Qh2+ 33. Kxe1 Qxc2 34. gxf5 Qb1+ 35.
Kf2 Qxb2+ 36. Kg1 Qc1+ 37. Kg2 Qc2+ 38. Kh3 gxf5 39. Nc8 Qe4 40. Rf4 Qxd5 41. Ne7+ Kf7 42. Nxd5 Ke6 43. Nc7+ Ke5 44. Nxb5 d5 45. Kg2 d4 46.
Kf3 h6 47. Ke2 Kd5 48. Nxd4 cxd4 49. Kd3 Ke5 50. Rxd4 Kf6 51. Rh4 Kg5 52. Ke3 h5 53. Kf3 Kg6 54. Kf4 Kf6 55. Rxh5 1-0

[Event "*** Titled Tuesday Blitz"]
[Site "Chess.com"]
[Date "2020.04.14"]
[Round "6"]
[White "Noukii"]
[Black "Chichin_chao"]
[Result "1-0"]
[WhiteElo "2688"]
[BlackElo "2365"]
[TimeControl "180+1"]
[EndTime "11:03:48 PDT"]
[Termination "Noukii won by resignation"]

1. e4 c5 2. Nf3 e6 3. d4 cxd4 4.
Nxd4 a6 5. Bd3 Qc7 6. O-O Nc6 7. Nxc6 dxc6 8. Nd2 e5 9. a4 Nf6 10. a5 h5 11. Nc4 Be6 12. Qe2 Bc5 13. Be3 Bxe3 14. Qxe3 Rd8 15. Nb6 Qe7 16. Qg5 Qc5 17. Kh1 O-O 18.
f4 Ng4 19. f5 Bc8 20. f6 g6 21. h3 Qe3 22. Qh4 Nh6 23. Nc4 Qc5 24. Qg5 Kh7 25.
Qxe5 Qxe5 26. Nxe5 Rfe8 27. Nf3 c5 28. Bc4 Kg8 29.
Rad1 Bd7 30. Ng5 Bc6 31. e5 Rxd1 32. Rxd1 Rxe5 33. Rd8+ Re8 34. Rxe8+ Bxe8 35. Bd5 Bc6 36. Bxc6 bxc6 37. Ne4 Nf5 38. Nxc5 Nd6 39. Nxa6 Nb7 40.
b4 Kf8 41. Nb8 c5 42. a6 1-0

[Event "*** Titled Tuesday Blitz"]
[Site "Chess.com"]
[Date "2020.04.14"]
[Round "6"]
[White "JLRHei"]
[Black "Halvard"]
[Result "1-0"]
[WhiteElo "2378"]
[BlackElo "2101"]
[TimeControl "180+1"]
[EndTime "11:03:48 PDT"]
[Termination "JLRHei won by resignation"]

1. d4 Nf6 2. c4 Nc6 3. Nf3 d6 4. g3 e5 5. Bg2 Be7 6. O-O O-O 7. Nc3 a5 8. e4 Re8 9. h3 h6 10. Re1 Bf8 11. b3 g6 12. Be3 Bg7 13. Qd2 Kh7 14. Rad1 Qe7 15. Nd5 Nxd5 16. exd5 Nb4 17. dxe5 dxe5 18. Bd4 f6 19. Nh4 f5 20. Kh2 Bd7 21. Bxe5 Bxe5 22. f4 Qg7 23. fxe5 Rxe5 24. Rxe5 Qxe5 25. Re1 Qf6 26. a3 Na6 27. Qxa5 f4 28.
Nf3 fxg3+ 29. Kxg3 Qd6+ 30. Kf2 Rf8 31. Qc3 Nc5 32. b4 Na4 33. Qd4 Rf4 34. Re7+ Qxe7 35. Qxf4 Nc3 36. Qxc7 Nd1+ 37. Kg3 Ne3 38. Qe5 Nf5+ 39.
Kh2 Qf7 40. Qf4 g5 41. Qe4 Kh8 42. Ne5 Qf6 43. Nxd7 1-0

[Event "*** Titled Tuesday Blitz"]
[Site "Chess.com"]
[Date "2020.04.14"]
[Round "6"]
[White "WorldChampionBulletChess"]
[Black "Rinas_Oleg"]
[Result "1-0"]
[WhiteElo "2169"]
[BlackElo "2279"]
[TimeControl "180+1"]
[EndTime "11:03:49 PDT"]
[Termination "WorldChampionBulletChess won on time"]

1. d3 e5 2. b3 Nf6 3. Bb2 d6 4. c4 g6 5. Nf3 Bg7 6. g3 O-O 7.
Bg2 Nc6 8. O-O h6 9. a3 Be6 10. b4 Qd7 11. Qc2 Bh3 12. Nbd2 Bxg2 13. Kxg2 Nh5 14.
e4 f5 15. exf5 gxf5 16. Rae1 Rae8 17. b5 Nd4 18. Nxd4 exd4 19. Nf3 c5 20. bxc6 Qxc6 21. Re2 Rxe2 22. Qxe2 Re8 23. Qd2 Kh7 24. Re1 Be5 25.
h3 Nf6 26. Qd1 Rg8 27. Kh2 Qc5 28. Nxe5 dxe5 29. Qf3 Rg5 30. h4 Ng4+ 31. Kg2 Rh5 32. Bc1 Qc6 33. Bd2 1-0

[Event "*** Titled Tuesday Blitz"]
[Site "Chess.com"]
[Date "2020.04.14"]
[Round "6"]
[White "BrianEscalante"]
[Black "vlad_Sid"]
[Result "1-0"]
[WhiteElo "2514"]
[BlackElo "2637"]
[TimeControl "180+1"]
[EndTime "11:03:50 PDT"]
[Termination "BrianEscalante won by checkmate"]

1. e4 c6 2. d4 d5 3. f3 e6 4. Nc3 Nf6 5. e5 Nfd7 6. f4 c5 7. Nce2 Nc6 8. c3 Qb6 9. Nf3 cxd4 10. cxd4 Bb4+ 11. Bd2 O-O 12. a3 Bxd2+ 13. Qxd2 Na5 14.
Qb4 Nc4 15. b3 Ne3 16. Qc3 Nf5 17. g4 Ne7 18. Bg2 Nb8 19. O-O Bd7 20. Ng3 Nbc6 21.
Rf2 Rac8 22. Qd3 Na5 23. Ng5 g6 24. b4 Bb5 25. Qd1 Nc4 26. f5 exf5 27. gxf5 Ne3 28. Qd2 N3xf5 29. Nxf5 Nxf5 30. Bxd5 Qxd4 31. Bxf7+ Kh8 32.
Qxd4 Nxd4 33. e6 Nc6 34. Rc1 Kg7 35. Rxc6 Rxc6 36. e7 Rc1+ 37. Kg2 Rfc8 38. Ne6+ Kh6 39. Rf4 g5 40. Rf6# 1-0

[Event "*** Titled Tuesday Blitz"]
[Site "Chess.com"]
[Date "2020.04.14"]
[Round "6"]
[White "Toro1234"]
[Black "dey2580"]
[Result "1-0"]
[WhiteElo "2629"]
[BlackElo "2478"]
[TimeControl "180+1"]
[EndTime "11:03:50 PDT"]
[Termination "Toro1234 won by resignation"]

1. d4 Nf6 2. c4 e6 3. Nc3 Bb4 4.
Qc2 b6 5. Bg5 Bb7 6. f3 h6 7.
Bh4 g5 8. Bf2 d5 9. a3 Bf8 10. e4 dxe4 11. fxe4 Ng4 12. O-O-O Bg7 13. Nf3 Nxf2 14. Qxf2 Qe7 15. Be2 Nc6 16. Kb1 O-O-O 17. h3 h5 18. d5 Ne5 19. Nd4 Ba6 20. b3 Qxa3 21. Kc2 Qc5 22. Rhf1 Rhe8 23. Bxh5 Bxc4 24.
bxc4 Nxc4 25. Bxf7 Na3+ 26. Kb3 a5 27. Bxe8 Qb4+ 28.
Ka2 Qxc3 29. Qb2 Qc4+ 30. Kxa3 Rxe8 31. Rf3 Be5 32. Qb3 Qc5+ 33. Ka2 Bxd4 34. dxe6 a4 35.
Qxa4 Rxe6 36. Rxd4 Qxd4 37. Qxd4 Rc6 38. Rf8+ Kb7 39. Qd5 b5 40. Rb8+ Kxb8 41. Qxc6 Kc8 42. Qxb5 1-0

[Event "*** Titled Tuesday Blitz"]
[Site "Chess.com"]
[Date "2020.04.14"]
[Round "6"]
[White "Ave_Mariia"]
[Black "FrogMist"]
[Result "0-1"]
[WhiteElo "2296"]
[BlackElo "2471"]
[TimeControl "180+1"]
[EndTime "11:03:50 PDT"]
[Termination "FrogMist won by resignation"]

1. d4 Nf6 2. c4 g6 3. Nc3 d5 4. cxd5 Nxd5 5. e4 Nxc3 6. bxc3 Bg7 7. Nf3 c5 8. Rb1 b6 9. Be2 O-O 10. O-O Ba6 11. Bxa6 Nxa6 12. Qd3 Qc8 13. d5 c4 14. Qc2 Nc5 15. Be3 Nd3 16. Bd4 e5 17. Be3 f5 18.
exf5 gxf5 19. Ng5 Qd7 20. Ne6 Rf7 21. Nxg7 Rxg7 22. f4 exf4 23. Bxf4 Qxd5 24. Be3 Re8 25. Bd4 Rg4 26. Rbd1 Ree4 27. Rxd3 cxd3 28. Qxd3 Rxd4 29.
Qe2 Rde4 30. Qf3 Qd2 31. Kh1 Re1 32. g3 Rxf1+ 33. Qxf1 Qd5+ 34. Kg1 Re4 35. Qf2 Qc5 36. Qxc5 bxc5 37. Kg2 Kf7 38. Kf3 Kf6 39. a3 Rc4 40.
Ke3 Rxc3+ 41. Kf4 Rxa3 42. h4 Ra4+ 43. Kf3 Rg4 44. Kf2 a5 45. Kf3 a4 46. Kf2 a3 47.
Kf3 a2 48. Kf2 a1=Q 49. Kf3 Qc3+ 50. Kf2 Qxg3+ 51. Ke2 0-1